[Event "December 12 Early 2023"]
[Site "https://www.chess.com"]
[Date "2023.12.12"]
[Round "7"]
[White "Herman, Matthew"]
[Black "Mikhailovsky, Vladimir"]
[Result "0-1"]
[Board "77"]
[TimeControl "180+1"]
[WhiteFideId "2028964"]
[BlackFideId "34105414"]
[WhiteElo "2505"]
[BlackElo "2785"]
[WhiteTeam "USA"]
[BlackTeam "RUS"]
[WhiteClock "0:00:00"]
[BlackClock "0:00:05"]

1. e4 c5 2. Nf3 e6 3. d4 cxd4 4. Nxd4 Nc6 5. Nc3 a6 6. Be3 Nf6 7. a3 d5 8. exd5 Nxd5 9. Nxd5 Qxd5 10. c4 Qe5 11. Be2 Bc5 12. Nxc6 bxc6 13. Bxc5 Qxc5 14. O-O O-O 15. b4 Qe7 16. Bf3 Bd7 17. c5 Ra7 18. Re1 Rb8 19. Qd2 a5 20. Qc3 Be8 21. Rab1 Rab7 22. Re2 axb4 23. axb4 Qc7 24. Reb2 Qf4 25. g3 Qf5 26. Kg2 h5 27. h4 e5 28. Qc4 Bd7 29. Be4 Qh3+ 30. Kg1 Qg4 31. Kg2 Be6 32. Qc2 Rc7 33. Bf3 Qh3+ 34. Kg1 Rd8 35. Qc3 Rd4 36. Qe3 Qf5 37. Re1 f6 38. b5 cxb5 39. Rxb5 Bd5 40. Rb8+ Kh7 41. Bxd5 Rxd5 42. Rb5 Rd3 43. Qe2 Rc3 44. Rd1 Rc2 45. Qe3 Rc4 46. Rd8 Ra4 47. Rb2 Ra1+ 48. Kg2 e4 49. Rbd2 Re7 50. R8d5 Qg4 51. R2d4 Ra2 52. c6 Re2 53. Qf4 Qxf4 54. gxf4 e3 55. Kf3 Rxf2+ 56. Kg3 Rf1 57. Rd1 e2 58. Rxh5+ Kg6 59. f5+ Kxh5 0-1

[Event "December 12 Early 2023"]
[Site "https://www.chess.com"]
[Date "2023.12.12"]
[Round "7"]
[White "Korchmar, Vasiliy"]
[Black "Dinu, Dumitru-Daniel"]
[Result "1-0"]
[Board "78"]
[TimeControl "180+1"]
[WhiteFideId "24131750"]
[BlackFideId "1208403"]
[WhiteElo "2775"]
[BlackElo "2505"]
[WhiteTeam "RUS"]
[BlackTeam "ROU"]
[WhiteClock "0:00:56"]
[BlackClock "0:00:00"]

1. e4 c5 2. d4 cxd4 3. Qxd4 Nc6 4. Qd3 g6 5. Nc3 Bg7 6. Nf3 d6 7. Be2 Nf6 8. O-O O-O 9. Nd5 Bg4 10. c3 Rc8 11. Bg5 e6 12. Nxf6+ Bxf6 13. Bxf6 Qxf6 14. Qxd6 Bxf3 15. Bxf3 Rfd8 16. Qg3 Rd2 17. Rab1 Ne5 18. Rfd1 Rcd8 19. Rxd2 Rxd2 20. h3 Rd3 21. Re1 Nxf3+ 22. gxf3 Rxf3 23. Qg2 Qf4 24. Rd1 Qxe4 25. Qg4 Rf4 26. Qg5 Kg7 27. Qc5 Rf5 28. Qd4+ Qxd4 29. Rxd4 Rb5 30. b4 Rd5 31. Rc4 Rd7 32. Rc8 Kf6 33. c4 Ke7 34. c5 Kf6 35. a3 e5 36. Re8 Kf5 37. Kg2 f6 38. Rc8 g5 39. b5 Rd5 40. a4 a6 41. c6 bxc6 42. b6 Rd7 43. a5 1-0

[Event "December 12 Early 2023"]
[Site "https://www.chess.com"]
[Date "2023.12.12"]
[Round "7"]
[White "Parfenov, Viktor N."]
[Black "Krysa, Leandro"]
[Result "1-0"]
[Board "79"]
[TimeControl "180+1"]
[WhiteFideId "4165969"]
[BlackFideId "116807"]
[WhiteElo "2503"]
[BlackElo "2727"]
[WhiteTeam "RUS"]
[BlackTeam "ARG"]
[WhiteClock "0:00:57"]
[BlackClock "0:00:35"]

1. d4 Nf6 2. c4 g6 3. Nc3 d5 4. Nf3 Bg7 5. Bf4 O-O 6. Rc1 dxc4 7. e4 Bg4 8. Bxc4 Bxf3 9. gxf3 Nh5 10. Be3 c6 11. f4 e6 12. Be2 Nf6 13. h4 b5 14. Bf3 b4 15. Na4 Nbd7 16. Rxc6 Qa5 17. b3 Rac8 18. Rxc8 Rxc8 19. O-O Nb6 20. Nc5 Nfd7 21. Qd2 Rd8 22. Rc1 Nf6 23. Nb7 Qb5 24. Nxd8 Qd7 25. Nc6 Ne8 26. Ne5 Qd8 27. Qxb4 Qxh4 28. Qb5 Nf6 29. a4 Nh5 30. Qe8+ 1-0

[Event "December 12 Early 2023"]
[Site "https://www.chess.com"]
[Date "2023.12.12"]
[Round "7"]
[White "Wu, Derek"]
[Black "Andrews, Todd"]
[Result "1-0"]
[Board "80"]
[TimeControl "180+1"]
[WhiteFideId "30914558"]
[BlackFideId "2012456"]
[WhiteElo "2695"]
[BlackElo "2502"]
[WhiteTeam "USA"]
[BlackTeam "USA"]
[WhiteClock "0:00:33"]
[BlackClock "0:00:09"]

1. e4 e6 2. d4 d5 3. Nc3 Bb4 4. e5 c5 5. a3 Bxc3+ 6. bxc3 Ne7 7. h4 b6 8. h5 h6 9. Qg4 Kf8 10. a4 Ba6 11. Bb5 Bxb5 12. axb5 a5 13. Ba3 Nd7 14. Rh3 Qc7 15. Rf3 Nf5 16. Qf4 f6 17. g4 fxe5 18. Qd2 exd4 19. gxf5 Qe5+ 20. Ne2 Qe4 21. Qf4 e5 22. Qg3 Nf6 23. cxd4 exd4 24. Kf1 Re8 25. Nf4 Nxh5 26. Nxh5 Rg8 27. Qd6+ Kf7 28. Qg6+ Kf8 29. Qg3 Qxc2 30. Qd6+ Kf7 31. Qg6+ Kf8 32. Qxb6 Qe2+ 33. Kg2 Qe4 34. Bxc5+ Kf7 35. Qg6# 1-0

[Event "December 12 Early 2023"]
[Site "https://www.chess.com"]
[Date "2023.12.12"]
[Round "7"]
[White "Kraiouchkine, Nikita"]
[Black "Yaran, Siar"]
[Result "0-1"]
[Board "81"]
[TimeControl "180+1"]
[WhiteFideId "2607140"]
[BlackFideId "6323006"]
[WhiteElo "2501"]
[BlackElo "2677"]
[WhiteTeam "CAN"]
[BlackTeam "TUR"]
[WhiteClock "0:00:06"]
[BlackClock "0:00:09"]

1. e4 c5 2. Nf3 d6 3. d4 cxd4 4. Nxd4 Nf6 5. Nc3 a6 6. Bc4 e6 7. O-O b5 8. Bb3 Nbd7 9. f4 Nc5 10. e5 Nxb3 11. axb3 dxe5 12. fxe5 Nd7 13. Rxf7 Kxf7 14. Qf3+ Kg8 15. Qxa8 Nxe5 16. Qe4 Nf7 17. Be3 Qd7 18. Rd1 b4 19. Na4 e5 20. Nb6 Qg4 21. Qxg4 Bxg4 22. Nf3 h6 23. h3 Bf5 24. c3 bxc3 25. bxc3 Kh7 26. b4 Be7 27. Nd5 Bd6 28. c4 Rb8 29. c5 Bf8 30. Nb6 Rb7 31. Nd2 Rc7 32. Ndc4 Be6 33. Na5 Be7 34. Rd2 Kg6 35. Nac4 e4 36. Ra2 Ra7 37. Ra5 Bf6 38. c6 Rc7 39. Rxa6 Rxc6 40. b5 Bxc4 41. bxc6 Bxa6 42. c7 Ne5 43. c8=Q Bxc8 44. Nxc8 Nc4 45. Bc5 Kf5 46. Nd6+ Nxd6 47. Bxd6 Ke6 48. Bg3 Kd5 49. Kf2 Kd4 50. Ke2 h5 51. Bf4 g6 52. Be3+ Kd5 53. Bd2 Bd4 54. Bf4 Ke6 55. Bb8 Kf5 56. Bg3 Bb2 57. Be1 Bc1 58. Bf2 Kf4 59. Be1 g5 60. Bf2 h4 61. Be1 e3 62. Bc3 Kg3 63. Kf1 e2+ 64. Kxe2 Kxg2 65. Bf6 Kxh3 66. Kf1 Kh2 67. Kf2 Bf4 68. Kf3 Kh3 69. Kf2 Bh2 70. Kf1 g4 71. Kf2 g3+ 72. Kf3 g2 73. Bd4 g1=Q 74. Bxg1 Bxg1 0-1

[Event "December 12 Early 2023"]
[Site "https://www.chess.com"]
[Date "2023.12.12"]
[Round "7"]
[White "Timerkhanov, Alexander"]
[Black "Azali, Tannaz"]
[Result "1-0"]
[Board "82"]
[TimeControl "180+1"]
[WhiteFideId "24177938"]
[BlackFideId "12537721"]
[WhiteElo "2661"]
[BlackElo "2501"]
[WhiteTeam "RUS"]
[BlackTeam "IRI"]
[WhiteClock "0:00:15"]
[BlackClock "0:00:17"]

1. d4 Nf6 2. Bg5 d5 3. Nd2 e6 4. e3 Be7 5. f4 O-O 6. Bxf6 Bxf6 7. Bd3 c5 8. c3 Nc6 9. Ngf3 b6 10. O-O g6 11. Qe2 Bb7 12. g4 Bg7 13. h4 f6 14. h5 e5 15. dxe5 fxe5 16. hxg6 e4 17. Nxe4 dxe4 18. Bc4+ Kh8 19. Ng5 h6 20. Nf7+ Rxf7 21. gxf7 Na5 22. Be6 Qh4 23. Kg2 Nc6 24. Rad1 Qe7 25. Bd5 Rd8 26. g5 Na5 27. Bxb7 Nxb7 28. gxh6 Bf6 29. Qh5 Rf8 30. Rd5 Qxf7 31. Qxf7 Rxf7 32. Rfd1 Kh7 33. Rd7 Nd8 34. Rxd8 Bxd8 35. Rxd8 Kxh6 36. Re8 Rd7 37. Rxe4 Rd2+ 38. Kf3 Rxb2 39. a4 Kg6 40. Re6+ Kf7 41. Rc6 Rb3 42. Rc7+ Ke6 43. Rxa7 Rxc3 44. Ra6 Rb3 45. a5 Kd5 46. Rxb6 Ra3 47. a6 c4 48. Ke2 Ra2+ 49. Kd1 Ke4 50. Rd6 Kxe3 51. f5 c3 52. f6 Rf2 53. a7 Rf1+ 54. Kc2 Ra1 55. f7 1-0

[Event "December 12 Early 2023"]
[Site "https://www.chess.com"]
[Date "2023.12.12"]
[Round "7"]
[White "Iljin, Timofey"]
[Black "Kislinsky, Alexey"]
[Result "1/2-1/2"]
[Board "83"]
[TimeControl "180+1"]
[WhiteFideId "14110180"]
[BlackFideId "14108801"]
[WhiteElo "2500"]
[BlackElo "2649"]
[WhiteTeam "UKR"]
[BlackTeam "CZE"]
[WhiteClock "0:00:03"]
[BlackClock "0:00:03"]

1. e4 c5 2. c3 Nf6 3. e5 Nd5 4. d4 cxd4 5. Nf3 Nc6 6. cxd4 d6 7. Bc4 Nb6 8. Bxf7+ Kxf7 9. e6+ Kg8 10. d5 Nb4 11. Nc3 N4xd5 12. Nxd5 Bxe6 13. Nf4 Qd7 14. O-O Bf7 15. Ng5 e5 16. Nxf7 Qxf7 17. Nd3 h6 18. a4 Kh7 19. a5 Nd5 20. Qb3 Kg8 21. a6 b6 22. Bd2 e4 23. Nc1 Nf6 24. Qa4 Rc8 25. Ne2 Be7 26. Bc3 Qc4 27. Qd1 Kh7 28. Nd4 Rc5 29. Ra4 Qd5 30. Qe2 Rhc8 31. Rd1 Qh5 32. Qf1 Rd5 33. Re1 Bf8 34. Ne6 Qf7 35. Nf4 Rf5 36. Ne2 Nd5 37. Ng3 Nxc3 38. bxc3 Re5 39. Raxe4 Rxc3 40. Rxe5 dxe5 41. Rxe5 Bd6 42. Re1 Qc7 43. Qe2 Bxg3 44. hxg3 Rc4 45. Qd3+ g6 46. Qa3 Rc5 47. Qf3 Rf5 48. Qb7 Rf7 49. Qd5 h5 50. Qd3 Qd7 51. Qc2 Qf5 52. Qd2 b5 53. Re3 Qc5 54. Qe2 b4 55. Re5 Qc1+ 56. Kh2 b3 57. Re7 Rxe7 58. Qxe7+ Kh6 59. f4 Qc3 60. Qg5+ Kg7 61. Qe7+ Kh6 62. Qg5+ Kg7 63. Qe7+ Kh6 1/2-1/2

[Event "December 12 Early 2023"]
[Site "https://www.chess.com"]
[Date "2023.12.12"]
[Round "7"]
[White "Seemann, Jakub"]
[Black "Shukhman, Anna"]
[Result "1-0"]
[Board "84"]
[TimeControl "180+1"]
[WhiteFideId "21874697"]
[BlackFideId "54180058"]
[WhiteElo "2642"]
[BlackElo "2487"]
[WhiteTeam "POL"]
[BlackTeam "FID"]
[WhiteClock "0:00:16"]
[BlackClock "0:00:04"]

1. d4 Nf6 2. c4 e6 3. Nf3 d5 4. cxd5 exd5 5. Qc2 Bd6 6. Bg5 c6 7. Nc3 h6 8. Bh4 O-O 9. h3 Nbd7 10. e3 b5 11. Bd3 a5 12. O-O a4 13. e4 b4 14. e5 bxc3 15. exf6 Nxf6 16. bxc3 Ba6 17. Bxa6 Rxa6 18. Qf5 Be7 19. Ne5 Ne4 20. Bxe7 Qxe7 21. Rac1 c5 22. Qg4 Re6 23. f3 Nxc3 24. Rxc3 cxd4 25. Nc6 Qc7 26. Nxd4 Qxc3 27. Nxe6 Qe3+ 28. Kh1 fxe6 29. Qxa4 d4 30. Qd1 Rc8 31. Re1 Qf4 32. Qb3 Rc1 33. Qxe6+ Kh7 34. Rxc1 Qxc1+ 35. Kh2 Qf4+ 36. Kg1 d3 37. Qe1 d2 38. Qd1 Qe3+ 39. Kf1 Kg6 40. a4 Qd3+ 41. Kf2 Qc3 42. Ke2 Qc4+ 43. Kxd2 Qd4+ 44. Ke2 Qc4+ 45. Qd3+ 1-0

[Event "December 12 Early 2023"]
[Site "https://www.chess.com"]
[Date "2023.12.12"]
[Round "7"]
[White "Souleidis, Georgios"]
[Black "Kovalevsky, Stanislav"]
[Result "0-1"]
[Board "85"]
[TimeControl "180+1"]
[WhiteFideId "4206827"]
[BlackFideId "13508598"]
[WhiteElo "2637"]
[BlackElo "2484"]
[WhiteTeam "GRE"]
[BlackTeam "FID"]
[WhiteClock "0:00:00"]
[BlackClock "0:00:33"]

1. e4 c6 2. Nc3 d5 3. Nf3 Bg4 4. h3 Bxf3 5. Qxf3 d4 6. Bc4 Nf6 7. Ne2 Nbd7 8. Bb3 a5 9. a3 a4 10. Ba2 Ne5 11. Qg3 Ra5 12. d3 Nh5 13. Qh2 e6 14. O-O Rc5 15. Bd2 Bd6 16. f4 Rxc2 17. fxe5 Rxd2 18. Rf2 Bc7 19. Raf1 O-O 20. Nc1 Rxf2 21. Rxf2 Qg5 22. g4 Bxe5 23. Qg2 Qxc1+ 24. Rf1 Qe3+ 0-1

[Event "December 12 Early 2023"]
[Site "https://www.chess.com"]
[Date "2023.12.12"]
[Round "7"]
[White "Kochiev, Ivan"]
[Black "Boyer, Mahel"]
[Result "1-0"]
[Board "86"]
[TimeControl "180+1"]
[WhiteFideId "2917890"]
[BlackFideId "45102422"]
[WhiteElo "2474"]
[BlackElo "2630"]
[WhiteTeam "BUL"]
[BlackTeam "FRA"]
[WhiteClock "0:00:15"]
[BlackClock "0:00:05"]

1. e4 Nf6 2. e5 Ng8 3. d4 d6 4. exd6 exd6 5. c4 Nf6 6. Nf3 d5 7. c5 b6 8. cxb6 axb6 9. Nc3 Be7 10. Bd3 O-O 11. h3 Ba6 12. O-O Bxd3 13. Qxd3 c6 14. Re1 Nbd7 15. Bf4 Re8 16. a3 b5 17. Re2 Bf8 18. Rae1 Rxe2 19. Rxe2 Qb6 20. Nd1 h6 21. Ne3 Re8 22. Nf5 Rxe2 23. Qxe2 Qd8 24. Ne5 Qe8 25. Qf3 Nxe5 26. Bxe5 Ne4 27. Qg4 f6 28. Bf4 Kh7 29. h4 h5 30. Qf3 Qg6 31. Ne3 Nd2 32. Qe2 Nc4 33. Nf1 Qf5 34. Bc1 Bd6 35. b3 Nxa3 36. Bxa3 Bxa3 37. Ng3 Qg4 38. Qc2+ Qg6 39. Qxc6 b4 40. Qxd5 Bb2 41. Nxh5 Qb1+ 42. Kh2 Qg6 43. Nf4 Qg4 44. g3 Bc1 45. Qh5+ Qxh5 46. Nxh5 Kg6 47. Nf4+ Kf5 48. d5 Ke5 49. Nd3+ Kxd5 50. Nxc1 Kd4 51. g4 Kc3 52. f4 Kc2 53. Na2 Kxb3 54. Nxb4 Kxb4 55. h5 Kc5 56. g5 fxg5 57. fxg5 Kd6 58. h6 Ke7 59. h7 Kf7 60. h8=Q Kg6 61. Qh4 Kf5 62. Kg3 Kg6 63. Qg4 Kh7 64. Qh5+ Kg8 65. g6 Kf8 66. Qe5 Kg8 67. Qe8# 1-0

[Event "December 12 Early 2023"]
[Site "https://www.chess.com"]
[Date "2023.12.12"]
[Round "7"]
[White "Renjith, Sravan"]
[Black "Kotyk, Michael"]
[Result "1-0"]
[Board "87"]
[TimeControl "180+1"]
[WhiteFideId "4306783"]
[BlackFideId "16214501"]
[WhiteElo "2627"]
[BlackElo "2471"]
[WhiteTeam "NZL"]
[BlackTeam "GER"]
[WhiteClock "0:00:40"]
[BlackClock "0:00:15"]

1. e4 c5 2. Nf3 e6 3. c3 d5 4. exd5 Qxd5 5. d4 Nf6 6. Na3 Nc6 7. Be3 cxd4 8. Nb5 Qd7 9. Nbxd4 Be7 10. Be2 O-O 11. O-O Nd5 12. Nxc6 bxc6 13. Bd4 f6 14. c4 Nf4 15. Bc3 Nxe2+ 16. Qxe2 e5 17. Rfd1 Qg4 18. h3 Qh5 19. Rac1 Be6 20. b3 Rad8 21. Re1 Qg6 22. Kh1 Bc5 23. Rcd1 Qf7 24. Rxd8 Rxd8 25. Bxe5 fxe5 26. Qxe5 Bxf2 27. Ng5 Bxe1 28. Nxf7 Rd1 29. Kh2 Kxf7 30. Qh5+ g6 31. Qxd1 Bc3 32. Qf3+ Ke7 33. Qxc3 1-0

[Event "December 12 Early 2023"]
[Site "https://www.chess.com"]
[Date "2023.12.12"]
[Round "7"]
[White "Ovetchkin, Roman"]
[Black "Kiremitciyan, Ari"]
[Result "1-0"]
[Board "88"]
[TimeControl "180+1"]
[WhiteFideId "4119991"]
[BlackFideId "6373445"]
[WhiteElo "2625"]
[BlackElo "2465"]
[WhiteTeam "RUS"]
[BlackTeam "TUR"]
[WhiteClock "0:00:04"]
[BlackClock "0:00:00"]

1. d4 d5 2. c4 e6 3. Nf3 Nf6 4. g3 Be7 5. Bg2 O-O 6. O-O c6 7. Qc2 b6 8. Nbd2 Bb7 9. e4 Na6 10. e5 Nd7 11. cxd5 Nb4 12. Qb3 cxd5 13. a3 Nc6 14. Re1 Na5 15. Qd3 Qc8 16. Bf1 Nb8 17. Qe3 Ba6 18. h4 Bxf1 19. Nxf1 Qc2 20. Re2 Qb3 21. Qf4 Rc8 22. Qg4 Qd3 23. Re3 Qg6 24. Qh3 h5 25. b4 Nc4 26. Rc3 Nd7 27. Bg5 Bf8 28. g4 hxg4 29. Qxg4 b5 30. Rac1 a5 31. Ng3 axb4 32. h5 Qh7 33. axb4 Bxb4 34. R3c2 Ba3 35. h6 Bxc1 36. Rxc1 b4 37. Nh5 b3 38. Bf6 b2 39. Rf1 b1=Q 40. Nxg7 Qbg6 41. Ng5 1-0

[Event "December 12 Early 2023"]
[Site "https://www.chess.com"]
[Date "2023.12.12"]
[Round "7"]
[White "YurasovMat-2012"]
[Black "Novikov, Evgenij"]
[Result "0-1"]
[Board "89"]
[TimeControl "180+1"]
[BlackFideId "4125380"]
[WhiteElo "2461"]
[BlackElo "2601"]
[BlackTeam "RUS"]
[WhiteClock "0:00:00"]
[BlackClock "0:00:03"]

1. e4 c5 2. Nf3 g6 3. g3 Bg7 4. Bg2 Nc6 5. O-O e5 6. Re1 Nge7 7. b3 O-O 8. Bb2 d6 9. d3 b5 10. Nbd2 a5 11. a3 a4 12. bxa4 Rxa4 13. c4 Ba6 14. Rb1 Na7 15. Qc2 Qd7 16. h4 Rb8 17. cxb5 Bxb5 18. Kh2 Nac6 19. Nc4 Raa8 20. Nfd2 Nd4 21. Bxd4 cxd4 22. Qd1 Ba4 23. Qe2 Nc8 24. f4 Bc6 25. Qf2 Qe7 26. f5 f6 27. g4 Bh6 28. Rf1 Bf4+ 29. Kh1 Rxb1 30. Rxb1 Qc7 31. Rf1 Rb8 32. Nf3 Nb6 33. Nxb6 Rxb6 34. Ng1 Rb3 35. Nh3 Be3 36. Qe2 Bb5 37. Rd1 Kg7 38. g5 fxg5 39. hxg5 Qc3 40. Qg4 Qc7 41. f6+ Kf7 42. Qh4 Kg8 43. Rf1 Be8 44. Nf2 Bf7 45. Ng4 Bf4 46. Nh6+ Kh8 47. Rxf4 exf4 0-1

[Event "December 12 Early 2023"]
[Site "https://www.chess.com"]
[Date "2023.12.12"]
[Round "7"]
[White "Banzea, Alexandru-Bogdan"]
[Black "Lopez Idarraga, Daniel Eduardo"]
[Result "1/2-1/2"]
[Board "90"]
[TimeControl "180+1"]
[WhiteFideId "1232622"]
[BlackFideId "4405501"]
[WhiteElo "2597"]
[BlackElo "2458"]
[WhiteTeam "ROU"]
[BlackTeam "COL"]
[WhiteClock "0:00:09"]
[BlackClock "0:00:12"]

1. d4 d5 2. Nc3 c6 3. Bf4 Bf5 4. e3 e6 5. f3 h5 6. Bd3 Bxd3 7. Qxd3 Bd6 8. Nge2 Ne7 9. e4 Ng6 10. Be3 Nd7 11. a3 Qh4+ 12. g3 Qe7 13. e5 Bc7 14. f4 h4 15. g4 h3 16. O-O-O O-O-O 17. Rhg1 Ba5 18. Rg3 Kb8 19. f5 Nh4 20. Rxh3 Rdg8 21. Rg1 f6 22. g5 fxe5 23. dxe5 Nxf5 24. Rxh8 Rxh8 25. Nf4 Rxh2 26. Bd2 Bb6 27. Re1 Nc5 28. Qf3 Qxg5 29. Rd1 Qg3 30. Qf1 a6 31. Nd3 Nxd3+ 32. Qxd3 Qxd3 33. cxd3 Ne3 34. Rg1 Nf5 35. Rg6 Be3 36. Bxe3 Nxe3 37. Rxe6 Nf5 38. Re8+ Kc7 39. Na4 Re2 40. Nc5 g5 41. e6 b6 42. Nxa6+ Kd6 43. Nb4 Rxe6 44. Rg8 Ne7 45. Rg7 Rg6 46. Rh7 g4 47. Rh1 g3 48. Rg1 g2 49. Nc2 Ke5 50. Ne1 Nf5 51. Rxg2 Rxg2 52. Nxg2 Kd4 53. Kd2 Nd6 54. Nf4 Ke5 55. Ne2 Nf5 56. Kc3 c5 57. Kd2 Nd4 58. Nc3 Nf3+ 59. Kc2 Nh4 60. Na4 Kd6 61. Nxb6 Kc6 62. Na4 Nf3 63. Nc3 Nd4+ 64. Kd2 Nb3+ 65. Kc2 Nd4+ 66. Kb1 c4 67. dxc4 dxc4 68. Na2 Kb5 69. Nc3+ Ka5 70. Ka2 Nb3 71. Nb1 Nc1+ 72. Ka1 Nb3+ 73. Ka2 Nc1+ 74. Ka1 Nb3+ 75. Ka2 1/2-1/2

[Event "December 12 Early 2023"]
[Site "https://www.chess.com"]
[Date "2023.12.12"]
[Round "7"]
[White "Pak, Yevgeniy"]
[Black "NikaVolkov"]
[Result "1-0"]
[Board "91"]
[TimeControl "180+1"]
[WhiteFideId "14201712"]
[WhiteElo "2457"]
[BlackElo "2595"]
[WhiteTeam "KAZ"]
[WhiteClock "0:01:40"]
[BlackClock "0:01:19"]

1. e4 c5 2. d4 e6 3. d5 Nf6 4. Nc3 exd5 5. exd5 Bd6 6. Qe2+ Qe7 7. Nb5 Kd8 8. Qxe7+ Kxe7 9. Nf3 a6 10. Nxd6 Kxd6 11. Bf4+ Ke7 12. O-O-O h6 13. Re1+ Kd8 14. Bd6 Nxd5 15. Ne5 Rf8 16. Bxf8 Kc7 17. Nxf7 b6 18. Be2 Nc6 19. Bf3 Nf6 20. Bd6+ Kb7 21. Nd8+ Ka7 22. Nxc6+ 1-0

[Event "December 12 Early 2023"]
[Site "https://www.chess.com"]
[Date "2023.12.12"]
[Round "7"]
[White "Dilmukhametov, Artur"]
[Black "Shubenkova, Veronika"]
[Result "0-1"]
[Board "92"]
[TimeControl "180+1"]
[WhiteFideId "24179922"]
[BlackFideId "44124040"]
[WhiteElo "2456"]
[BlackElo "2587"]
[WhiteTeam "RUS"]
[BlackTeam "RUS"]
[WhiteClock "0:00:10"]
[BlackClock "0:00:07"]

1. e4 e6 2. d4 d5 3. e5 c5 4. c3 Nc6 5. Nf3 Qb6 6. a3 c4 7. Nbd2 Na5 8. Rb1 Bd7 9. g3 Be7 10. h4 Nh6 11. Bh3 f5 12. exf6 gxf6 13. O-O Nf5 14. Re1 Qd6 15. Nf1 Qb6 16. Ne3 Nd6 17. Ng2 Ne4 18. Nf4 O-O-O 19. Nd2 f5 20. Nf3 Bd6 21. Be3 Rhg8 22. Kg2 Nc6 23. Ne5 Qc7 24. Nxc6 bxc6 25. b3 Bxf4 26. bxc4 Bxg3 27. Qa4 Bxh4+ 28. Kf1 Rdf8 29. Qa6+ Kd8 30. Rb7 Qh2 31. Qxa7 Qxh3+ 32. Ke2 Qg4+ 33. Kf1 Rg7 34. Qa8+ Ke7 35. Qa7 Kf6 36. Rxd7 Bxf2 37. Rxg7 Qh3+ 38. Ke2 Qxe3+ 39. Kf1 Qxe1+ 40. Kg2 Qg1+ 41. Kf3 Qxg7 42. Qxg7+ Kxg7 43. cxd5 exd5 44. a4 Nxc3 45. Kxf2 Nxa4 46. Ke3 h5 47. Kf4 Kf6 48. Kg3 Rg8+ 49. Kh4 f4 50. Kh3 f3 51. Kh4 f2 52. Kh3 f1=Q+ 53. Kh2 Qg2# 0-1

[Event "December 12 Early 2023"]
[Site "https://www.chess.com"]
[Date "2023.12.12"]
[Round "7"]
[White "Vestby-Ellingsen, Mads"]
[Black "Khromkin, Andrey"]
[Result "1-0"]
[Board "93"]
[TimeControl "180+1"]
[WhiteFideId "1520857"]
[BlackFideId "4154126"]
[WhiteElo "2586"]
[BlackElo "2456"]
[WhiteTeam "NOR"]
[BlackTeam "RUS"]
[WhiteClock "0:01:16"]
[BlackClock "0:01:13"]

1. a3 d5 2. h3 c5 3. d3 Nc6 4. Nc3 g6 5. e4 Nf6 6. Bd2 Bg7 7. Qc1 Nd4 8. e5 Nd7 9. Nxd5 Nxe5 10. Ne3 O-O 11. Ne2 b6 12. Nxd4 cxd4 13. Ng4 Nxg4 14. hxg4 Bxg4 15. Bh6 Qd5 16. f3 Qe5+ 17. Kf2 Bd7 18. Qd2 Rac8 19. Re1 Bxh6 20. Rxh6 Qf6 21. Re4 Rc5 22. Be2 Rfc8 23. Bd1 Bf5 24. Reh4 g5 25. Rxf6 exf6 26. Rxd4 Re5 27. f4 gxf4 28. Qxf4 Bg6 29. g4 h5 30. Qxf6 Re6 31. Rd8+ Rxd8 32. Qxd8+ Kg7 33. gxh5 Bf5 34. Qg5+ 1-0

[Event "December 12 Early 2023"]
[Site "https://www.chess.com"]
[Date "2023.12.12"]
[Round "7"]
[White "Jaiveer Mahendru"]
[Black "Dmitrenko, Viktor"]
[Result "0-1"]
[Board "94"]
[TimeControl "180+1"]
[WhiteFideId "25611151"]
[BlackFideId "14110270"]
[WhiteElo "2583"]
[BlackElo "2451"]
[WhiteTeam "IND"]
[BlackTeam "UKR"]
[WhiteClock "0:00:12"]
[BlackClock "0:00:11"]

1. f4 Nf6 2. Nf3 d5 3. g3 c5 4. Bg2 Nc6 5. O-O g6 6. d3 Bg7 7. Qe1 Nd4 8. Na3 O-O 9. e4 dxe4 10. dxe4 Nxf3+ 11. Bxf3 Bh3 12. Rf2 e5 13. Be3 exf4 14. gxf4 Re8 15. e5 Ng4 16. Bxg4 Bxg4 17. Bxc5 Qd5 18. Bd6 Rad8 19. Qd2 Qc6 20. c4 Bh6 21. c5 Rxe5 22. b4 Rd5 23. Qc2 R8xd6 24. cxd6 Qxd6 25. Re1 Qxb4 26. Re8+ Bf8 27. Qb3 Rd1+ 28. Kg2 Qd6 29. Qxb7 Bd7 30. Re3 Bc6+ 31. Qxc6 Qxc6+ 32. Ref3 Bxa3 0-1

[Event "December 12 Early 2023"]
[Site "https://www.chess.com"]
[Date "2023.12.12"]
[Round "7"]
[White "Goldin, Roman"]
[Black "Iskusnyh, Sergei"]
[Result "1-0"]
[Board "96"]
[TimeControl "180+1"]
[WhiteFideId "2803860"]
[BlackFideId "4120027"]
[WhiteElo "2436"]
[BlackElo "2581"]
[WhiteTeam "ISR"]
[BlackTeam "RUS"]
[WhiteClock "0:00:24"]
[BlackClock "0:00:06"]

1. e4 e6 2. d4 d5 3. Nd2 c5 4. Ngf3 cxd4 5. exd5 Qxd5 6. Bc4 Qd6 7. O-O Nf6 8. Nb3 Nc6 9. Nbxd4 Nxd4 10. Nxd4 Be7 11. c3 O-O 12. Qe2 a6 13. Bg5 b5 14. Bb3 Bb7 15. Rad1 Qc7 16. Rfe1 Rad8 17. Nxe6 fxe6 18. Qxe6+ Kh8 19. Qxe7 Qc6 20. f3 Rde8 21. Qb4 a5 22. Qd4 a4 23. Bc2 Rxe1+ 24. Rxe1 a3 25. bxa3 h6 26. Bxf6 Qxf6 27. Qxf6 gxf6 28. Re7 Bc6 29. Rc7 Ba8 30. Bf5 Re8 31. Rc8 Rxc8 32. Bxc8 Kg7 33. Bd7 Kf8 34. Bxb5 Ke7 35. Kf2 Kd6 36. Ke3 Kc5 37. Bd3 Bd5 38. c4 Bc6 39. h4 Bb7 40. g4 Bc8 41. Kf4 Kd4 42. Bf5 Bb7 43. Be6 Ba8 44. a4 Bc6 45. a5 Bb7 46. Bd5 Bc8 47. a6 Bxa6 48. Kf5 Ke3 49. Kxf6 Kf4 50. g5 hxg5 51. hxg5 Bxc4 52. Bxc4 1-0

[Event "December 12 Early 2023"]
[Site "https://www.chess.com"]
[Date "2023.12.12"]
[Round "7"]
[White "Belov, Alexei"]
[Black "Onoprijchuk, Boris"]
[Result "0-1"]
[Board "97"]
[TimeControl "180+1"]
[WhiteFideId "4128206"]
[BlackFideId "4171179"]
[WhiteElo "2579"]
[BlackElo "2440"]
[WhiteTeam "RUS"]
[BlackTeam "RUS"]
[WhiteClock "0:00:10"]
[BlackClock "0:00:13"]

1. e4 c6 2. d4 d5 3. Nd2 dxe4 4. Nxe4 Nf6 5. Nxf6+ exf6 6. c3 Bd6 7. Bd3 O-O 8. Ne2 Re8 9. Qc2 h5 10. Be3 Nd7 11. O-O-O Nf8 12. c4 a5 13. a3 g6 14. Nc3 f5 15. g3 Be6 16. Be2 Qf6 17. c5 Bc7 18. d5 cxd5 19. Nxd5 Bxd5 20. Rxd5 f4 21. Bd4 Qc6 22. Bf3 Qe6 23. Bc3 Rad8 24. Re1 Qc8 25. Rxe8 Rxe8 26. Qd3 Qe6 27. Rd7 Be5 28. Rxb7 Bxc3 29. Qxc3 fxg3 30. hxg3 Qa2 31. c6 Qa1+ 32. Kc2 Qf1 33. Qd4 Re1 34. Kb3 Ne6 35. Qd7 Nc5+ 36. Ka2 Qc4+ 37. b3 Qc2# 0-1

[Event "December 12 Early 2023"]
[Site "https://www.chess.com"]
[Date "2023.12.12"]
[Round "7"]
[White "Flores Quillas, Diego Saul Rodri"]
[Black "Garrido, Denis"]
[Result "0-1"]
[Board "98"]
[TimeControl "180+1"]
[WhiteFideId "3822508"]
[BlackFideId "601217"]
[WhiteElo "2568"]
[BlackElo "2430"]
[WhiteTeam "PER"]
[BlackTeam "FRA"]
[WhiteClock "0:00:24"]
[BlackClock "0:00:29"]

1. e4 d6 2. d4 Nf6 3. Nc3 e5 4. Nf3 Nbd7 5. Bc4 Be7 6. O-O c6 7. a4 Qc7 8. Ba2 h6 9. Re1 Nf8 10. h3 g5 11. Be3 Rg8 12. dxe5 dxe5 13. Nd2 Ng6 14. Nf1 g4 15. hxg4 Nxg4 16. Ng3 Nxe3 17. Rxe3 Nf4 18. Nce2 Bg4 19. Qe1 Bxe2 20. Rxe2 Bc5 21. Kf1 Qe7 22. Nf5 Qg5 23. g3 Qh5 24. Nh4 Qg4 25. Re3 Qh3+ 26. Kg1 Rxg3+ 0-1